 Dungeon Crawl Stone Soup version 0.27-a0-1206-g6342a01c75 (webtiles) character file.

Game seed: 7740190193050167214

23 Ancestrald the Ducker (level 2, -1/14 HPs)
             Began as a Felid Berserker on June 5, 2021.
             Was a Follower of Trog.
             Slain by an adder (5 damage)
             ... on level 2 of the Dungeon.
             The game lasted 00:01:34 (1295 turns).

Ancestrald the Ducker (Felid Berserker)             Turns: 1295, Time: 00:01:35

Health: -1/14      AC:  1    Str: 13    XL:     2   Next: 72%
Magic:  3/3        EV: 18    Int:  8    God:    Trog [*.....]
Gold:   49         SH:  0    Dex: 15    Spells: 1/1 levels left
                                        Lives:  0   Deaths: 0

rFire    . . .     SeeInvis +     - Unarmed
rCold    . . .     Faith    .   (shield unavailable)
rNeg     . . .     Spirit   .   (armour unavailable)
rPois    .         Reflect  .   (helmet unavailable)
rElec    .         Harm     .   (cloak unavailable)
rCorr    .         Rampage  .   (gloves unavailable)
Will     .....                  (boots unavailable)
Stlth    +.........             (no amulet)
HPRegen  0.04/turn              (no ring)
MPRegen  0.08/turn              (no ring)

@: quick
A: very small, claws 1, fangs 3, see invisible, speed 1, shaggy fur 1, stealthy
paws, no weapons or thrown items, no armour, multi-lived
a: Renounce Religion, Berserk


You were on level 2 of the Dungeon.
You worshipped Trog.
Trog was aware of your devotion.
You visited 1 branch of the dungeon, and saw 2 of its levels.

You collected 49 gold pieces.

Inventory:

Jewellery
 a - a ring of wizardry
 c - a ring of protection from cold
Potions
 b - a potion of degeneration {unknown}
 d - a potion of curing {unknown}
 e - a potion of haste {unknown}
 f - a potion of resistance {unknown}


   Skills:
 + Level 3.1 Fighting
 + Level 4.5 Dodging
 + Level 0.2 Stealth
 + Level 3.5 Unarmed Combat


You had one spell level left.
You didn't know any spells.
Your spell library was empty.

Dungeon Overview and Level Annotations

Branches:
Dungeon (2/15)

Altars:


Innate Abilities, Weirdness & Mutations

You have sharp claws.
You have razor-sharp teeth.
You have supernaturally acute eyesight. (SInv)
You cover ground quickly. (Speed+)
You are covered in fur. (AC +1)
Your paws help you pounce on unaware monsters.
You are incapable of wielding weapons or throwing items.
You cannot wear armour.
You gain extra lives every three experience levels.


Message History

You feel sick. The adder closely misses you.
You barely miss the adder.
The adder is heavily wounded.
You feel sick. The adder closely misses you.
You closely miss the adder.
The adder is heavily wounded.
You feel sick. The adder misses you.
You are too injured to fight recklessly!
You are too injured to fight recklessly!
You are too injured to fight recklessly!
You are too injured to fight recklessly!
You are too injured to fight recklessly!
You are too injured to fight recklessly!
You are too injured to fight recklessly!
You are too injured to fight recklessly!
You claw the adder!
You kill the adder!
Trog accepts your kill.
You feel sick.
You feel sick.
You feel sick.
You are no longer poisoned.
An adder comes into view.
You are too injured to fight recklessly!
Unknown command.
The adder hisses angrily.
You scratch the adder.
The adder is lightly wounded.
The adder completely misses you.
You scratch the adder.
The adder is heavily wounded.
The adder misses you.
You miss the adder.
The adder is heavily wounded.
The adder bites you.
* * * LOW HITPOINT WARNING * * *
You scratch the adder.
The adder is severely wounded.
The adder bites you.
You die...

#. #####....# #.
#.....# #.
#....## #####...#
##..###..# ##
##....###.#
#..##......##.#
..#.............#
......S@...######
...........#
...........#
...........#
...........#
...........#
...........#
..........##


You could see an adder.

Vanquished Creatures
  An adder (D:2)
  2 bats
  3 endoplasms
  A hobgoblin (D:1)
  A kobold (D:1)
  2 ball pythons
  2 frilled lizards (D:1)
  A rat (D:1)
13 creatures vanquished.

Notes
Turn   | Place    | Note
-------+----------+-------------------------------------------
     0 | D:1      | Ancestrald the Felid Berserker began the quest for the Orb.
     0 | D:1      | Reached XP level 1. HP: 10/10 MP: 2/2
   673 | D:1      | Reached XP level 2. HP: 2/14 MP: 3/3
  1295 | D:2      | Slain by an adder

Illustrated notes

Levels and vault maps discovered:
D:1:      minmay_arrival_split_and_join, layout_basic
D:2:      layout_rooms, serial_forest, infiniplex_forest_corner_1,
          infiniplex_forest_clump_tiny, infiniplex_forest_lined_room_3,
          infiniplex_forest_straight_4, infiniplex_forest_lined_3,
          infiniplex_forest_corner_1, infiniplex_forest_end_2,
          infiniplex_forest_clump_double, infiniplex_forest_clump_small,
          minivault_19, minmay_close_crescents, uniq_jessica

Action                   || total
-------------------------++-------
Melee: Unarmed           ||    41
       Bite              ||     3
Invok: Berserk           ||     2
 Stab: Sleeping          ||     2
Armor: Skin              ||     4
Dodge: Dodged            ||    38

Table legend: (Time is in decaauts)
 A = Elapsed time spent in this place.
 B = Non-inter-level travel time spent in this place.
 C = Inter-level travel time spent in this place.
 D = Time resting spent in this place.
 E = Time spent auto-exploring this place.
 F = Levels seen in this place.
 G = Mean time per level.
                   A        B        C        D        E       F      G
               +--------+--------+--------+--------+--------+-----+--------+
         Total |   1180 |   1164 |     16 |    306 |    774 |   2 |  590.0 |
       Dungeon |   1180 |   1164 |     16 |    306 |    774 |   2 |  590.0 |
               +--------+--------+--------+--------+--------+-----+--------+

Top non-repeatable levels by time:
     D:1: 1078 daAuts
     D:2: 102 daAuts
